 Dungeon Crawl Stone Soup version 0.30-a0-779-g7971cf19c3 (webtiles) character file.

Game seed: 7099205901164825776

91 domi the Conjurer (level 4, 0/31 HPs)
             Began as a Demonspawn Conjurer on Feb 17, 2023.
             Killed from afar by Natasha (6 damage)
             ... with a magic dart
             ... on level 2 of the Dungeon.
             The game lasted 00:01:54 (1567 turns).

domi the Conjurer (Demonspawn Conjurer)             Turns: 1567, Time: 00:01:55

Health: 0/31       AC:  6    Str:  7    XL:     4   Next: 34%
Magic:  1/7        EV: 12    Int: 21    God:
Gold:   29         SH:  0    Dex: 12    Spells: 6/7 levels left

rFire   . . .      SeeInvis .    d - +0 hand axe
rCold   . . .      Faith    .    (no shield)
rNeg    . . .      Spirit   .    a - +0 robe
rPois   .          Reflect  .    n - +1 helmet
rElec   .          Harm     .    (no cloak)
rCorr   .          Rampage  .    (no gloves)
Will    .....                    (no boots)
Stlth   ++                       (no amulet)
HPRegen 0.25/turn                (no ring)
MPRegen 0.10/turn                (no ring)

@: no status effects
A: claws 1, rugged brown scales 2
a: no special abilities


You were on level 2 of the Dungeon.
You visited 1 branch of the dungeon, and saw 2 of its levels.

You collected 73 gold pieces.
You spent 44 gold pieces at shops.

Inventory:

Hand Weapons
 d - a +0 hand axe (weapon)
   (You found it on level 1 of the Dungeon)
Missiles
 h - 2 boomerangs (quivered)
Armour
 a - a +0 robe (worn)
 n - a +1 helmet (worn)
   (You found it on level 2 of the Dungeon)
Scrolls
 c - a scroll of enchant weapon {unknown}
 f - a scroll of noise {unknown}
 g - a scroll of fear {unknown}
 i - 3 scrolls of identify {unknown}
 j - a scroll of blinking {unknown}
 l - a scroll of vulnerability {unknown}
 m - 2 scrolls of amnesia
Potions
 b - a potion of magic
 e - a potion of cancellation {unknown}
 k - a potion of might {unknown}


   Skills:
 - Level 1.7 Dodging
 - Level 1.7 Stealth
 - Level 2.0 Spellcasting
 + Level 5.9 Conjurations


You had 6 spell levels left.
You knew the following spells:

 Your Spells              Type           Power      Damage    Failure   Level
z - Magic Dart            Conj           100%       1d8       1%          1

Your spell library contained the following spells:

 Spells                   Type           Power      Damage    Failure   Level
 Searing Ray              Conj           52%        2d6       1%          2
 Dazzling Flash           Conj/Hex       28%        N/A       13%         3
 Fulminant Prism          Conj/Hex       7%         3d7       41%         4
 Iskenderun's Mystic Bla  Conj/Tloc      14%        2d5       41%         4


Dungeon Overview and Level Annotations

Branches:
Dungeon (2/15)

Altars:
Cheibriados

Shops:
D:2 *

Annotations:
D:2 Natasha


Innate Abilities, Weirdness & Mutations

You have sharp fingernails.
You are mostly covered in rugged brown scales. (AC +2, +5% HP)


Message History

You can't see any susceptible monsters within range! (Use Z to cast anyway.)
An endoplasm comes into view.
MP restored: 6 An endoplasm is nearby!
An endoplasm is nearby!
An endoplasm is nearby!
Aim: an endoplasm (asleep, 100% to hit)
The magic dart hits the endoplasm.
The endoplasm quivers.
You now have 5/6 mp.
Aim: an endoplasm (severely wounded, 100% to hit)
The magic dart hits the endoplasm.
You kill the endoplasm!
You now have 4/6 mp.
You can't see any susceptible monsters within range! (Use Z to cast anyway.)
You can't see any susceptible monsters within range! (Use Z to cast anyway.) Natasha, Servant of Life and Death comes into view.
MP restored: 6 Unknown command.
Aim: Natasha (asleep, 100% to hit)
The magic dart hits Natasha but does no damage.
Natasha hisses angrily.
You now have 5/6 mp.
Aim: Natasha (100% to hit)
The magic dart hits Natasha.
Natasha mumbles some strange words.
You now have 4/6 mp.
Aim: Natasha (heavily wounded, 100% to hit)
The magic dart hits Natasha.
The crimson imp blinks!
You now have 3/6 mp.
Aim: Natasha (severely wounded, 100% to hit)
The magic dart hits the crimson imp.
You now have 2/6 mp.
Aim: Natasha (severely wounded, 100% to hit)
The magic dart hits the crimson imp.
Natasha casts a spell.
The crimson imp hits you but does no damage.
You now have 1/6 mp.
Aim: Natasha (severely wounded, 100% to hit)
The magic dart hits the crimson imp.
The crimson imp hits you.
You take 3 damage, and have 22/25 hp.
You now have 0/6 mp.
You don't have enough magic to cast this spell.
You don't have enough magic to cast this spell.
You don't have enough magic to cast this spell.
You don't have enough magic to cast this spell.
You hit the crimson imp.
You kill the crimson imp!
The crimson imp disappears in a puff of smoke!
Natasha barely misses you.
You barely miss Natasha. Natasha barely misses you.
You hit Natasha. You completely miss the iron imp.
The iron imp closely misses you. Natasha claws you but does no damage.
The iron imp barely misses you.
You hit Natasha but do no damage. You barely miss the iron imp.
Natasha mewls in sadness.
Natasha misses you. x2; The iron imp closely misses you.
You hit Natasha. You hit the iron imp. Natasha closely misses you.
The iron imp hits you!
You take 7 damage, and have 16/25 hp.
MASSIVE DAMAGE!!
You hit Natasha but do no damage. You barely miss the iron imp.
Natasha closely misses you. The iron imp barely misses you.
You barely miss Natasha. You hit the iron imp. Natasha barely misses you.
The iron imp hits you.
You take 4 damage, and have 13/25 hp.
Unknown command.
Aim: Natasha (severely wounded, 100% to hit)
The magic dart hits Natasha.
You kill Natasha!
Suddenly Natasha's spirit rises from her lifeless body.
The iron imp disappears in a puff of smoke!
You have reached level 4!
You feel agile.
Your demonic ancestry asserts itself...
Your fingernails lengthen.
You regained 4 hp, and now have 17/31 hp.
You now have 0/7 mp.
You start resting.
Natasha, Servant of Life and Death comes into view.
Natasha casts a spell at you. The magic dart hits you.
You take 5 damage, and have 13/31 hp.
Aim: Natasha (100% to hit)
The magic dart hits Natasha.
Natasha casts a spell.
You now have 0/7 mp.
You don't have enough magic to cast this spell.
You don't have enough magic to cast this spell.
Natasha barely misses you.
You hit Natasha. Natasha completely misses you. Natasha barely misses you.
You hit Natasha. Natasha claws you.
You take 1 damage, and have 14/31 hp.
You barely miss Natasha. You hit the iron imp but do no damage.
Natasha claws you but does no damage. The iron imp hits you!
* * * LOW HITPOINT WARNING * * *
You take 9 damage, and have 5/31 hp.
MASSIVE DAMAGE!!
You hit Natasha but do no damage. You closely miss the iron imp.
Natasha casts a spell at you. The magic dart hits you.
You die...

#..........#.......
#..........#.......
#..........#.......
###############......#.÷.....
............# #......##......
............###......##......
......†..............##......
.................†...##......
...........5@........##......
...........h.........########
................####.##
............##### #..#
............# ##.##
............### ####..#
..............####.....#
########.......†.......#
##..............#


You could see an iron imp (summoned) and Natasha.

Vanquished Creatures
  Jessica (D:2)
  Natasha (D:2)
  2 adders (D:2)
  A worm (D:2)
  3 endoplasms
  A giant cockroach (D:1)
  A hobgoblin (D:1)
  2 kobolds
  3 quokkas
  2 ball pythons
  A bat (D:2)
  5 rats
23 creatures vanquished.

Notes
Turn   | Place    | Note
-------+----------+-------------------------------------------
     0 | D:1      | domi the Demonspawn Conjurer began the quest for the Orb.
     0 | D:1      | Reached XP level 1. HP: 13/13 MP: 3/3
   511 | D:1      | Found a faded altar of an unknown god.
   513 | D:1      | Gained mutation: You are partially covered in rugged brown
                  | scales. (AC +1, +3% HP) [demonic ancestry]
   513 | D:1      | Reached XP level 2. HP: 13/19 MP: 3/5
   868 | D:2      | Noticed Jessica
   881 | D:2      | Killed Jessica
   882 | D:2      | Reached skill level 5 in Conjurations
   882 | D:2      | Gained mutation: You are mostly covered in rugged brown
                  | scales. (AC +2, +5% HP) [demonic ancestry]
   882 | D:2      | Reached XP level 3. HP: 12/25 MP: 1/6
  1041 | D:2      | Found a snail-covered altar of Cheibriados.
  1147 | D:2      | Found Natastra's General Store.
  1154 | D:2      | Bought a scroll of amnesia for 44 gold pieces
  1538 | D:2      | Noticed Natasha
  1552 | D:2      | Killed Natasha
  1553 | D:2      | Gained mutation: You have sharp fingernails. [demonic
                  | ancestry]
  1553 | D:2      | Reached XP level 4. HP: 17/31 MP: 0/7
  1557 | D:2      | Noticed Natasha
  1566 | D:2      | HP: 5/31 [iron imp[Natasha] (9)]
  1567 | D:2      | Killed from afar by Natasha

Illustrated notes

Levels and vault maps discovered:
D:1:      dpeg_arrival_long_road, layout_loops_ring,
          shapermc_ecumenical_altar_venn
D:2:      layout_basic, serial_shops, nicolae_shop_stone, basic_altar,
          skrybe_limestone_x, uniq_crazy_yiuf_cottage, uniq_jessica,
          uniq_natasha

Skill      XL: |  1  2 |
---------------+-------+-----
Conjurations   | 5 |  5.9
Dodging        | |  1.7
Stealth        | |  1.7
Spellcasting   | |  2.0

Action                     |  1- 3 |  4- 6 || total
---------------------------+-------+-------++-------
  Melee: Hand axe          |    15 |     4 ||    19
   Cast: Magic Dart        |    46 |     1 ||    47
 Armour: Robe              |     7 |     1 ||     8
  Dodge: Dodged            |    18 |     3 ||    21

Table legend: (Time is in decaauts)
 A = Elapsed time spent in this place.
 B = Non-inter-level travel time spent in this place.
 C = Inter-level travel time spent in this place.
 D = Time resting spent in this place.
 E = Time spent auto-exploring this place.
 F = Levels seen in this place.
 G = Mean time per level.
                   A        B        C        D        E       F      G
               +--------+--------+--------+--------+--------+-----+--------+
         Total |   1576 |   1553 |     23 |     55 |   1355 |   2 |  788.0 |
       Dungeon |   1576 |   1553 |     23 |     55 |   1355 |   2 |  788.0 |
               +--------+--------+--------+--------+--------+-----+--------+

Top non-repeatable levels by time:
     D:1: 854 daAuts
     D:2: 721 daAuts

Table legend:
 A = Kills in this place as a percentage of kills in entire the game.
 B = Kills by you in this place as a percentage of kills by you in the entire game.
 C = Kills by friends in this place as a percentage of kills by friends in the entire game.
 D = Other kills in this place as a percentage of other kills in the entire game.
 E = Experience gained in this place as a percentage of experience gained in the entire game.
 F = Experience gained in this place divided by the number of levels of this place that you have seen.
                   A       B       C       D       E      F
               +-------+-------+-------+-------+-------+----------------------
         Total | 100.0 | 100.0 |   N/A |   N/A | 100.0 |  65.5
       Dungeon | 100.0 | 100.0 |   N/A |   N/A | 100.0 |  65.5
               +-------+-------+-------+-------+-------+----------------------
